 Dungeon Crawl Stone Soup version 0.28.0-43-g3370ac3207 (webtiles) character file.

Game seed: 3478617727250170884

14389 Peloso the Carver (level 11, -8/94 (101) HPs)
             Began as a Minotaur Fighter on Mar 23, 2022.
             Was a High Priest of Okawaru.
             Mangled by a spectral cane toad (14 damage)
             ... in a Gauntlet.
             The game lasted 00:25:40 (10401 turns).

Peloso the Carver (Minotaur Fighter)               Turns: 10401, Time: 00:25:41

HP:   -8/94 (101)   AC: 22    Str: 28    XL:     11   Next: 88%
MP:   15/20         EV: 11    Int:  5    God:    Okawaru [*****.]
Gold: 601           SH:  7    Dex: 18    Spells: 10/10 levels left

rFire   x . .      SeeInvis .   a - +2 scimitar
rCold   + . .      Faith    .   c - +0 buckler
rNeg    . . .      Spirit   .   x - +4 chain mail
rPois   .          Reflect  .   E - +2 hat
rElec   .          Harm     .   m - +0 cloak
rCorr   +          Rampage  .   h - +0 pair of gloves of Ivvuag {rCorr}
Will    .....      NoTele   +   M - +0 pair of boots of the Echidna {rF- rC+ MP+9 Str+5}
Stlth   ..........              o - amulet of regeneration
HPRegen 1.05/turn               B - +6 ring of dexterity
MPRegen 0.17/turn               (no ring)

@: mighty, slowed, drained, very slow
A: horns 2, retaliatory headbutt
a: Renounce Religion, Heroism, Finesse, Duel


You were in a Gauntlet.
You worshipped Okawaru.
Okawaru was extremely pleased with you.
You visited 3 branches of the dungeon, and saw 14 of its levels.
You also visited: Gauntlet.

You collected 685 gold pieces.
You spent 84 gold pieces at shops.

Inventory:

Hand Weapons
 a - a +2 scimitar (weapon)
 k - a +1 hand crossbow of flaming
Missiles
 f - 2 throwing nets (quivered)
 l - 42 bolts
Armour
 b - a +0 scale mail
 c - a +0 buckler (worn)
 h - the +0 pair of gloves of Ivvuag (worn) {rCorr}
   (You found it on level 4 of the Dungeon)

   rCorr:     It protects you from acid and corrosion.
 m - a +0 cloak (worn)
 r - a +2 pair of boots of flying
 x - a +4 chain mail (worn)
 A - +0 acid dragon scales
 E - a +2 hat (worn)
 M - the +0 pair of boots of the Echidna (worn) {rF- rC+ MP+9 Str+5}
   (Okawaru gifted it to you on level 10 of the Dungeon)

   Str:       It affects your strength (+5).
   rF:        It makes you vulnerable to fire.
   rC:        It protects you from cold.
   MP:        It affects your magic capacity (+9).
Jewellery
 d - the ring "Rienaliu" {rPois Will+ Str+3}
   (You found it in a Gauntlet)

   [ring of willpower]

   Str:       It affects your strength (+3).
   rPois:     It protects you from poison.
   Will:      It increases your willpower.
 o - an amulet of regeneration (around neck)
 q - an amulet of the acrobat
 w - a ring of magical power
 y - a ring of ice
 B - a +6 ring of dexterity (left hand)
 G - a ring of resist corrosion
 H - a +6 ring of intelligence
 J - a ring of see invisible
Wands
 g - a wand of iceblast (10)
 s - a wand of paralysis (2)
 L - a wand of polymorph (2)
Scrolls
 i - 2 scrolls of enchant armour
 j - 6 scrolls of fog
 n - 2 scrolls of identify
 t - 5 scrolls of teleportation
 v - a scroll of summoning
 z - 3 scrolls of enchant weapon
 K - a scroll of noise
 N - a scroll of acquirement
Potions
 e - 4 potions of brilliance
 p - 5 potions of curing
 D - a potion of berserk rage
 F - a potion of invisibility
 O - a potion of mutation {unknown}


   Skills:
 + Level 10.7 Fighting
 + Level 14.3 Long Blades
 + Level 2.2 Crossbows
 + Level 10.8 Armour
 + Level 4.1 Dodging
 + Level 4.0 Stealth
 + Level 8.7 Shields
 + Level 1.6 Invocations
 + Level 0.8 Evocations


You had 10 spell levels left.
You didn't know any spells.
Your spell library contained the following spells:

 Spells                   Type           Power      Damage    Failure   Level
 Pain                     Necr           0%         1d4       95%         1
 Blink                    Tloc           0%         N/A       99%         2
 Corpse Rot               Necr/Air       0%         N/A       99%         2
 Poisonous Vapours        Pois/Air       0%         N/A       99%         2
 Conjure Flame            Conj/Fire      0%         6-21      100%        3
 Ignite Poison            Fire/Tmut/Pois 0%         N/A       100%        3
 Lesser Beckoning         Tloc           0%         N/A       100%        3
 Stone Arrow              Conj/Erth      0%         3d7       100%        3
 Sticky Flame             Conj/Fire      0%         2d3       100%        4
 Agony                    Necr           0%         N/A       100%        5
 Excruciating Wounds      Necr           0%         N/A       100%        5
 Manifold Assault         Tloc           0%         N/A       100%        5
 Lehudib's Crystal Spear  Conj/Erth      0%         10d2      100%        8
 Animate Armour           Summ/Erth      Unusable   N/A       N/A         4

Dungeon Overview and Level Annotations

Branches:
Dungeon (12/15)            Temple (1/1) D:5            Lair (1/6) D:11
    Orc (0/2) D:10        Gauntlet (1/1)

Altars:
Ashenzari
Cheibriados
Dithmenos
Elyvilon
Fedhas
Gozag
Kikubaaqudgha
Makhleb
Nemelex Xobeh
Okawaru
Qazlal
Ru
Sif Muna
Trog
Uskayaw
Xom
Yredelemnul
The Shining One

Shops:
D:1 :   D:4 =   D:5 ?   D:8 =   D:10 *

Annotations:
D:7 3 runed translucent doors, Faeu's ghost, novice MiFi Gauntlet 11 transporters, exclusion: orange crystal statue


Innate Abilities, Weirdness & Mutations

You have a pair of horns on your head.
You reflexively headbutt those who attack you in melee.


Message History

The spectral eight-headed hydra bites you but does no damage. x3
You slice the spectral eight-headed hydra!!
You destroy the spectral eight-headed hydra!
Okawaru accepts your kill. You block the death scarab's attack.
The death scarab bites you!
* * * LOW HITPOINT WARNING * * *
The death scarab draws strength from your injuries!
Unknown command.
You feel much better. The death scarab bites you.
The death scarab drains your vigour!
You feel as though you will be slow longer.
The death scarab draws strength from your injuries!
You block the death scarab's attack.
Okay, then.
You slice the death scarab!! Your headbutt misses the death scarab.
The death scarab is severely damaged.
You block the death scarab's attack. The death scarab bites you!
* * * LOW HITPOINT WARNING * * *
The death scarab draws strength from your injuries!
Unknown command.
You slash the death scarab! Your headbutt misses the death scarab.
The death scarab is severely damaged.
The death scarab bites you!
* * * LOW HITPOINT WARNING * * *
The death scarab draws strength from your injuries!
The death scarab barely misses you.
Unknown command.
You closely miss the death scarab. You headbutt the death scarab.
The death scarab is lightly damaged.
The death scarab bites you.
* * * LOW HITPOINT WARNING * * *
The death scarab draws strength from your injuries!
The death scarab closely misses you. You furiously retaliate!
You headbutt the death scarab!
The death scarab waves its antennae.
You block the spectral cane toad's attack.
You see here the ring "Rienaliu" {rPois Will+ Str+3}.
d - the ring "Rienaliu" {rPois Will+ Str+3} The spectral cane toad hits you!
You die...

##...#©.##.##.##...#.##.#.
#≈§..####.#..#^#...##..#.#
##.§.##..##.#..#...#######
#≈.§.###########.....#.©.#
##......#.©.#........#...#
##.8...#.8.#...8....#.©.#
#≈.....#.©.#.....########
##...#########...#...=©"!
#≈...#.?@©}..#...#..#...#
##...#.Z####.#...#.######
#≈...#.#.B.#.#...##..#.#.
##.8.#.#.©.#.#.8.#....©..
#≈§..#.#B..#.#...##..#.#.
##...#.####..#...#.##...#
#§...#..BZ...#...#w.#...#
##...#########...#D..#.#.
#≈.......©.......########


You could see a spectral cane toad.

Vanquished Creatures
  Gastronok (D:8)
  A hydra (D:11)
  Erolcha (D:10)
  Sonja (D:10)
  A spectral hydra (Gauntlet)
  An ugly thing (D:10)
  Maggie (D:8)
  A komodo dragon (D:10)
  2 kobold demonologists
  A hornet (D:9)
  Prince Ribbit (D:8)
  3 slime creatures (D:12)
  A meliai zombie (D:10)
  2 shadows (D:10)
  A vampire (D:10)
  9 yaks
  A wraith (D:12)
  2 steam dragons (D:8)
  An acid dragon (D:11)
  2 wargs (D:10)
  2 water moccasins
  A spectral torpor snail (Gauntlet)
  A hornet zombie (D:8)
  A swamp drake (D:10)
  9 orc warriors
  An ice beast (D:8)
  A black bear (D:5)
  4 ogres
  11 centaurs
  2 phantoms
  A bullfrog (D:8)
  7 killer bees
  16 wights
  A bullfrog zombie (D:5)
  6 centaur zombies
  2 bullfrog skeletons
  2 jellies (D:5)
  8 orc priests
  Crazy Yiuf (D:2)
  2 gnoll shamans
  3 iguanas
  An iron imp (D:3)
  Ijyb (D:3)
  13 orc wizards
  2 killer bee zombies
  Robin (D:3)
  A howler monkey zombie (D:9)
  10 adders
  12 gnolls
  A howler monkey skeleton (D:5)
  2 white imps
  An ufetubus (D:5)
  2 worms (D:2)
  5 dart slugs
  52 orcs
  6 bats
  12 endoplasms
  2 giant cockroaches
  12 hobgoblins
  2 quokkas
  11 ball pythons
  4 frilled lizards
  11 goblins
  11 kobolds
  11 rats
302 creatures vanquished.

Vanquished Creatures (others)
  An orc priest (D:10)
  27 plants
28 creatures vanquished.

Grand Total: 330 creatures vanquished

Notes
Turn   | Place    | Note
-------+----------+-------------------------------------------
     0 | D:1      | Peloso the Minotaur Fighter began the quest for the Orb.
     0 | D:1      | Reached XP level 1. HP: 19/19 MP: 0/0
    51 | D:1      | Reached XP level 2. HP: 4/27 MP: 1/1
   595 | D:1      | Reached XP level 3. HP: 33/33 MP: 2/2
   642 | D:1      | Found Nenuxt's Book Shop.
   901 | D:2      | Found a runed translucent door.
   902 | D:2      | Noticed Crazy Yiuf
  1053 | D:2      | Reached skill level 3 in Long Blades
  1526 | D:2      | Killed Crazy Yiuf
  1527 | D:2      | Reached XP level 4. HP: 28/40 MP: 3/3
  1849 | D:3      | Reached skill level 4 in Long Blades
  1877 | D:3      | Noticed Robin
  1878 | D:3      | Reached XP level 5. HP: 44/46 MP: 4/4
  1896 | D:3      | Killed Robin
  1929 | D:3      | Found a snail-covered altar of Cheibriados.
  1939 | D:3      | Reached skill level 5 in Armour
  2028 | D:3      | Reached skill level 1 in Dodging
  2036 | D:3      | Reached skill level 5 in Long Blades
  2356 | D:3      | Reached XP level 6. HP: 53/53 MP: 5/5
  2497 | D:3      | Noticed Ijyb
  2509 | D:3      | Killed Ijyb
  3065 | D:3      | Found a faded altar of an unknown god.
  3280 | D:4      | Identified the +0 pair of gloves of Ivvuag {rCorr}
  3414 | D:4      | Found Ogiorim's Jewellery Shoppe.
  3891 | D:5      | Entered Level 5 of the Dungeon
  4124 | D:5      | Reached skill level 6 in Long Blades
  4142 | D:5      | Reached XP level 7. HP: 60/60 MP: 6/6
  4239 | D:5      | Reached skill level 5 in Fighting
  4239 | D:5      | Reached skill level 5 in Shields
  4291 | D:5      | Found a staircase to the Ecumenical Temple.
  4305 | Temple   | Entered the Ecumenical Temple
  4554 | Temple   | Became a worshipper of Warmaster Okawaru
  4791 | D:5      | Found Kafehab's Magic Scroll Shoppe.
  4797 | D:5      | Bought a scroll of teleportation for 36 gold pieces
  4797 | D:5      | Bought 2 scrolls of identify for 48 gold pieces
  4830 | D:5      | Reached skill level 7 in Long Blades
  5116 | D:6      | Reached * piety under Okawaru
  5182 | D:5      | Reached XP level 8. HP: 34/69 MP: 7/7
  5435 | D:6      | Reached skill level 8 in Long Blades
  5587 | D:7      | Noticed Prince Ribbit
  5795 | D:8      | Reached skill level 9 in Long Blades
  5819 | D:8      | Killed Prince Ribbit
  5819 | D:8      | Reached ** piety under Okawaru
  5902 | D:7      | Reached skill level 1 in Stealth
  5902 | D:7      | Reached XP level 9. HP: 55/78 MP: 6/8
  6098 | D:7      | Found a runed translucent gate.
  6099 | D:7      | Found a runed translucent gate.
  6100 | D:7      | Found a runed translucent gate.
  6100 | D:7      | Noticed a kobold demonologist
  6100 | D:7      | Noticed Faeu's ghost (novice MiFi)
  6662 | D:8      | Noticed Gastronok
  6796 | D:8      | Noticed Maggie
  6806 | D:8      | Killed Maggie
  6807 | D:8      | Reached skill level 10 in Long Blades
  6874 | D:8      | Reached *** piety under Okawaru
  6931 | D:8      | Found Bessena's Jewellery Boutique.
  6956 | D:8      | Found a basalt altar of Yredelemnul.
  7159 | D:8      | Killed Gastronok
  7160 | D:8      | Reached skill level 11 in Long Blades
  7160 | D:8      | Reached skill level 1 in Invocations
  7160 | D:8      | Reached XP level 10. HP: 66/88 MP: 6/9
  7590 | D:9      | Paralysed by a hornet for 2 turns
  7714 | D:9      | You are sucked into a shaft and drop 1 floor!
  7714 | D:10     | Entered Level 10 of the Dungeon
  7721 | D:10     | Found Vacame's Gadget Gallery.
  7753 | D:10     | Reached skill level 12 in Long Blades
  7820 | D:9      | Reached **** piety under Okawaru
  8648 | D:10     | Noticed Sonja
  8655 | D:10     | Killed Sonja
  8655 | D:10     | Reached ***** piety under Okawaru
  8667 | D:10     | Reached skill level 13 in Long Blades
  8724 | D:10     | Noticed Erolcha
  8732 | D:10     | Killed Erolcha
  8733 | D:10     | Reached XP level 11. HP: 97/99 MP: 10/10
  9154 | D:10     | Found a staircase to the Orcish Mines.
  9269 | D:11     | Noticed a green ugly thing
  9288 | D:10     | Killed a green ugly thing
  9328 | D:10     | Reached skill level 10 in Fighting
  9365 | D:10     | Reached skill level 10 in Armour
  9489 | D:10     | Identified the +0 pair of boots of the Echidna {rF- rC+
                  | MP+9 Str+5} (Okawaru gifted it to you on level 10 of the
                  | Dungeon)
  9489 | D:10     | Received a gift from Okawaru
  9490 | D:10     | Reached skill level 14 in Long Blades
  9530 | D:11     | Found a staircase to the Lair.
  9680 | D:11     | Noticed a sixfirhy
  9853 | D:11     | Noticed an eight-headed hydra
  9863 | D:11     | Killed an eight-headed hydra
 10041 | Lair:1   | Entered Level 1 of the Lair of Beasts
 10041 | Lair:1   | Noticed a six-headed hydra
 10066 | D:12     | Identified a scroll of acquirement
 10076 | D:12     | Reached skill level 1 in Crossbows
 10154 | D:12     | Found a gate leading to a gauntlet.
 10161 | Gauntlet | Entered a Gauntlet
 10161 | Gauntlet | Noticed a death scarab
 10161 | Gauntlet | Found a transporter.
 10171 | Gauntlet | Found a transporter.
 10174 | Gauntlet | Noticed a six-headed hydra
 10177 | Gauntlet | Found a transporter.
 10177 | Gauntlet | Found a transporter.
 10178 | Gauntlet | Found a transporter.
 10179 | Gauntlet | Found a transporter.
 10181 | Gauntlet | Noticed a red ugly thing
 10181 | Gauntlet | Noticed a purple ugly thing
 10182 | Gauntlet | Noticed a great orb of eyes
 10190 | Gauntlet | Found a transporter.
 10192 | Gauntlet | Noticed an orb spider
 10195 | Gauntlet | Noticed a steelbarb worm
 10195 | Gauntlet | an orb spider changed into a steelbarb worm
 10196 | Gauntlet | a steelbarb worm changed into an elephant
 10198 | Gauntlet | Noticed an orb spider
 10198 | Gauntlet | an elephant changed into an orb spider
 10199 | Gauntlet | an orb spider changed into a komodo dragon
 10208 | Gauntlet | Found a transporter.
 10208 | Gauntlet | Noticed an orange crystal statue
 10212 | Gauntlet | Found a transporter.
 10216 | Gauntlet | Found a transporter.
 10216 | Gauntlet | Noticed a death scarab
 10227 | Gauntlet | Found a transporter.
 10289 | Gauntlet | Noticed a glowing orange brain
 10291 | Gauntlet | Found a transporter.
 10319 | Gauntlet | Noticed a shining eye
 10319 | Gauntlet | a glowing orange brain changed into a shining eye
 10399 | Gauntlet | HP: 3/94 [death scarab (4)]
 10400 | Gauntlet | Identified the ring "Rienaliu" {rPois Will+ Str+3}
 10401 | Gauntlet | Mangled by a spectral cane toad

Illustrated notes

Levels and vault maps discovered:
D:1:      co_arrival_hall_of_pillars, layout_rooms, serial_shops,
          nicolae_shop_trees, kennysheep_small_spiral, minmay_misc_feat_hallway,
          minmay_box_of_dots
D:2:      layout_rooms, kennysheep_path_1, uniq_crazy_yiuf_cottage
D:3:      layout_basic, slow_altar_1, nicolae_ecumenical_snake_handling,
          portal_sewer_entry_d, minivault_14, kennysheep_nondescript,
          lexackson_kobold_supper, uniq_robin, uniq_ijyb
D:4:      layout_basic, serial_shops, shop, grunt_decor_resistance,
          feat_on_display
D:5:      layout_loops_cross, minmay_temple_entry_grid, serial_shops,
          nicolae_square_shop, corexii_item_surrounded_by_moat,
          kennysheep_big_empty_room, nrook_loot_triangle
D:6:      lemuel_ice_spiral_2, layout_rooms
D:7:      layout_rooms, gammafunk_ghost_nasty_kobolds,
          chequers_serial_rivers_room_a, uniq_prince_ribbit1
D:8:      layout_basic, old_standard_altar, serial_shops,
          nicolae_take_the_stairs, eino_small_chamber_without_monster,
          uniq_gastronok, uniq_maggie
D:9:      layout_long_grid, minivault_24
D:10:     layout_cave_pools, erik_orc_1, nicolae_shop_gadgets, uniq_sonja,
          uniq_erolcha
D:11:     layout_cave_pools, erik_lair_orcish_takeover,
          kennysheep_generic_room_8
D:12:     layout_cave_pools, gauntlet_entry_generic
Temple:   mainiacjoe_temple_big_plus
Lair:1:   layout_loops_ring, grunt_megastairs_4
Gauntlet: minmay_gauntlet_mixed_oops_all_seconds [minmay_gauntlet_arena_77_box,
          gammafunk_gauntlet_arena_chambers, minmay_gauntlet_arena_77_p_blocks,
          gammafunk_gauntlet_arena_mazey, minmay_gauntlet_arena_77_mess,
          gammafunk_gauntlet_arena_corners, dreamdust_gauntlet_exit_labyrinth]

Skill      XL: |  1  2  3  4  5  6  7  8  9 10 11 |
---------------+----------------------------------+-----
Shields        | 4 5 6 7 8 |  8.7
Fighting       | 4 5 6 8 9 10 | 10.7
Armour         | 4 5 6 7 8 9 10 | 10.8
Long Blades    | 3 4 5 6 7 9 11 13 14 | 14.3
Dodging        | 1 2 3 4 |  4.1
Stealth        | 1 2 3 4 |  4.0
Invocations    | 1 |  1.6
Crossbows      | 2 |  2.2
Evocations     | |  0.8

Action                   |  1- 3 |  4- 6 |  7- 9 | 10-12 || total
-------------------------+-------+-------+-------+-------++-------
Melee: Long sword        |    82 |   173 |   259 |   197 ||   711
       Headbutt          |     7 |    30 |    54 |    88 ||   179
       Scimitar          |       |       |       |   189 ||   189
 Fire: Hand crossbow     |       |       |       |     8 ||     8
Throw: Throwing net      |     1 |       |       |       ||     1
Invok: Heroism           |       |       |     3 |     6 ||     9
Evoke: Wand              |       |       |     3 |     5 ||     8
  Use: Scroll            |       |     7 |     5 |     7 ||    19
       Potion            |       |       |       |     3 ||     3
 Stab: Paralysed         |       |       |     6 |     5 ||    11
Armor: Scale mail        |    35 |    84 |    55 |       ||   174
       Chain mail        |       |       |   123 |   278 ||   401
Dodge: Dodged            |    54 |    63 |   118 |   224 ||   459
Block: Buckler           |    25 |    48 |    83 |   161 ||   317
